 Dungeon Crawl Stone Soup version 0.28-a0-268-g3f656e82c2 (webtiles) character file.

Game seed: 10266721851685041389

140 avis the Insei (level 5, -8/34 HPs)
             Began as an Octopode Transmuter on Aug 28, 2021.
             Killed by divine providence
             ... invoked by an orc priest
              (12 damage)
             ... on level 4 of the Dungeon.
             The game lasted 00:15:18 (3313 turns).

avis the Insei (Octopode Transmuter)                Turns: 3313, Time: 00:15:18

Health: -8/34      AC:  2    Str: 10    XL:     5   Next: 23%
Magic:  4/9        EV: 19    Int: 15    God:
Gold:   84         SH:  0    Dex: 18    Spells: 6/10 levels left

rFire   . . .      SeeInvis .     - Unarmed
rCold   . . .      Faith    .   (shield currently unavailable)
rNeg    . . .      Spirit   .   (helmet currently unavailable)
rPois   x          Reflect  .   (no amulet)
rElec   .          Harm     .   (no ring)
rCorr   .          Rampage  .   (no ring)
Will    .....                   (no ring)
Stlth   ++........              (no ring)
HPRegen 0.11/turn               (no ring)
MPRegen 0.11/turn               (no ring)
                                (no ring)
                                (no ring)

@: spider-form (expiring)
A: venomous fangs, almost no armour, (amphibious), 8 rings, tiny, (camouflage
1), (gelatinous body 1), (nimble swimmer 1), (tentacles)
a: End Transformation


You were on level 4 of the Dungeon.
You were a venomous arachnid creature.
You visited 1 branch of the dungeon, and saw 4 of its levels.

You collected 84 gold pieces.

Inventory:

Hand Weapons
 a - a +0 spear
 c - a +0 short sword
 o - a +0 falchion
Missiles
 b - 125 stones
 h - 45 sling bullets
 i - 17 poisoned darts
 k - 5 boomerangs (quivered)
 l - 49 bolts
Wands
 q - a wand of flame (15)
Scrolls
 d - 3 scrolls of identify {unknown}
 e - a scroll of enchant armour {unknown}
 g - a scroll of holy word {unknown}
 j - 2 scrolls of fog {unknown}
 m - a scroll of enchant weapon {unknown}
 p - a scroll of summoning {unknown}
Potions
 f - 4 potions of lignification {unknown}
 n - a potion of heal wounds {unknown}


   Skills:
 - Level 2.0 Fighting
 - Level 2.0 Dodging
 * Level 3.7 Unarmed Combat
 - Level 3.0 Spellcasting
 - Level 3.0 Transmutations
 - Level 2.0 Poison Magic


You had 6 spell levels left.
You knew the following spells:

 Your Spells              Type           Power      Damage    Failure   Level
a - Beastly Appendage     Tmut           22%        N/A       17%         1
p - Spider Form           Tmut/Pois      4%         N/A       43%         3

Your spell library contained the following spells:

 Spells                   Type           Power      Damage    Failure   Level
 Wereblood                Tmut           11%        N/A       22%         2
 Ice Form                 Ice/Tmut       6%         N/A       87%         4


Dungeon Overview and Level Annotations

Branches:
Dungeon (4/15)
 Temple: D:4-7

Altars:
Xom
Zin

Annotations:
D:4 3 runed translucent doors, Dittersdorf's ghost, novice GrFi; desmos's ghost, amateur HOBe


Innate Abilities, Weirdness & Mutations

You are a venomous arachnid creature.
You have poisonous fangs.
You are tiny and dextrous.
Your spellcasting is less reliable in this form.
Your armour is entirely melded.
You are incapable of wielding weapons or throwing items.
You cannot wear most types of armour.
((You are amphibious.))
You can wear up to eight rings at the same time.
((Your skin changes colour to match your surroundings (Stealth+).))
((Your rubbery body absorbs attacks. (AC +1, EV +1)))
((You are camouflaged near water. (Stealth+)))
((You have tentacles for arms and can constrict up to eight enemies at once.))


Message History

You close the door.
You start resting.
Your tentacle spike disappears.
You start resting.
Magic restored.
You start resting.
HP restored.
You open the door. You open the door.
There is an open door here.
An orc priest comes into view. It is wielding a +0 club.
An orc comes into view.
It is wielding a +0 flail and carrying a wand of acid (4).
Casting: Beastly Appendage (safe; 6% risk of failure)
Confirm with . or Enter, or press ? or * to list all spells.
The spell is quite dangerous to cast (22% risk of failure)!
Continue anyway?
You miscast Spider Form.
You are very lightly contaminated with residual magic.
Nothing appears to happen.
The orc shouts!
The orc priest shouts!
A hound comes into view.
The orc priest begins to cast a cantrip, but forgets the words!
Casting: Spider Form (quite dangerous; 22% risk of failure)
Confirm with . or Enter, or press ? or * to list all spells.
The spell is quite dangerous to cast (22% risk of failure)!
Continue anyway?
You turn into a venomous arachnid creature.
The hound barks!
The orc zaps a wand.
The bolt of acid hits you!!
Ouch! That really hurt!
* * * LOW HITPOINT WARNING * * *
Your transformation is almost over.
The hound closely misses you.
There is an open door here.
You see here a ball python corpse.
The orc priest casts a cantrip, but nothing happens.
The hound barely misses you.
Your magical contamination has completely faded away.
There is an open door here.
The orc priest mumbles some strange prayers to Beogh against you.
Beogh smites you!
You die...

#.........##.# #............##
#....oo.......# #.............#
#.............# #.#
#.####'##.....# #.#### #†##.....#
###+##....# ##h########
#.........# #.s....# #.........#
+......############ #.........#
#.................# #.........#
#.................# #.........#
#.................. #.........#
#.................. #<........###
#..................
#....[...........................
#................................


You could see a hound, an orc priest and an orc.

Vanquished Creatures
  3 hound skeletons (D:4)
  A howler monkey skeleton (D:4)
  2 adders
  A worm (D:3)
  4 orcs (D:3)
  7 ball pythons
  9 endoplasms
  A giant cockroach (D:1)
  6 goblins
  7 hobgoblins
  4 jackals (D:2)
  A quokka (D:2)
  4 bats (D:1)
  2 frilled lizards
  5 kobolds
  A quokka skeleton (D:4)
  7 rats
65 creatures vanquished.

Vanquished Creatures (others)
  6 withered plants (D:4)
6 creatures vanquished.

Grand Total: 71 creatures vanquished

Notes
Turn   | Place    | Note
-------+----------+-------------------------------------------
     0 | D:1      | avis the Octopode Transmuter began the quest for the Orb.
     0 | D:1      | Reached XP level 1. HP: 13/13 MP: 3/3
   247 | D:1      | Reached XP level 2. HP: 13/19 MP: 3/5
   524 | D:1      | Found a faded altar of an unknown god.
   984 | D:2      | Reached XP level 3. HP: 18/24 MP: 4/6
   991 | D:2      | Learned a level 3 spell: Spider Form
  1324 | D:2      | Reached skill level 1 in Poison Magic
  1487 | D:2      | Found a shimmering altar of Xom.
  1872 | D:3      | Reached XP level 4. HP: 24/29 MP: 2/7
  2342 | D:3      | Found a glowing silver altar of Zin.
  2946 | D:4      | Found a runed translucent gate.
  2946 | D:4      | Found a runed translucent gate.
  2946 | D:4      | Found a runed translucent gate.
  2947 | D:4      | Noticed desmos's ghost (amateur HOBe)
  2948 | D:4      | Noticed Dittersdorf's ghost (novice GrFi)
  3179 | D:4      | Reached XP level 5. HP: 29/34 MP: 6/9
  3313 | D:4      | Killed from afar by an orc priest

Illustrated notes

Levels and vault maps discovered:
D:1:      arrival_zaba_pyramid, layout_rooms, ebering_ecumenical_altar_box,
          minmay_misc_feat_x
D:2:      layout_basic, basic_altar, serial_park_tiny_2, grunt_ministairs_3,
          chequers_serial_rivers_micro_b
D:3:      layout_basic, zin_academy, minmay_three_crescents
D:4:      layout_basic, gammafunk_ghost_cemetery

Skill      XL: |  1  2  3  4 |
---------------+-------------+-----
Fighting       | 2 |  2.0
Transmutations | 3 |  3.0
Poison Magic   | 2 |  2.0
Spellcasting   | 3 |  3.0
Dodging        | |  2.0
Unarmed Combat | |  3.7

Action                   |  1- 3 |  4- 6 || total
-------------------------+-------+-------++-------
Melee: Unarmed           |    39 |    33 ||    72
       Kick              |    19 |     2 ||    21
       Constrict         |    19 |     3 ||    22
       Tentacles         |    10 |     2 ||    12
       Punch             |     2 |       ||     2
       Short sword       |    58 |     6 ||    64
Throw: Boomerang         |       |    34 ||    34
 Cast: Beastly Appendage |    27 |     3 ||    30
       Spider Form       |     6 |     9 ||    15
 Stab: Sleeping          |     5 |     1 ||     6
Armor: Skin              |     9 |     1 ||    10
Dodge: Dodged            |    56 |    21 ||    77

Table legend: (Time is in decaauts)
 A = Elapsed time spent in this place.
 B = Non-inter-level travel time spent in this place.
 C = Inter-level travel time spent in this place.
 D = Time resting spent in this place.
 E = Time spent auto-exploring this place.
 F = Levels seen in this place.
 G = Mean time per level.
                   A        B        C        D        E       F      G
               +--------+--------+--------+--------+--------+-----+--------+
         Total |   3328 |   3094 |    234 |    524 |   1805 |   4 |  832.0 |
       Dungeon |   3328 |   3094 |    234 |    524 |   1805 |   4 |  832.0 |
               +--------+--------+--------+--------+--------+-----+--------+

Top non-repeatable levels by time:
     D:1: 934 daAuts
     D:2: 836 daAuts
     D:4: 799 daAuts
     D:3: 758 daAuts
